 Dungeon Crawl Stone Soup version 0.30-a0-136-gea98e250e0 (webtiles) character file.

Game seed: 10105128185342988961

62104 Kinoniko the Executioner (level 15, 0/208 HPs)
             Began as a Hill Orc Berserker on Sept 21, 2022.
             Was the Champion of Trog.
             Slain by an orc knight
             ... wielding a +3 long sword
              (16 damage)
             ... on level 2 of the Orcish Mines.
             The game lasted 00:26:50 (19588 turns).

Kinoniko the Executioner (Hill Orc Berserker)      Turns: 19588, Time: 00:26:51

Health: 0/208      AC: 27    Str: 32      XL:     15   Next: 5%
Magic:  15/15      EV: 15    Int:  6 (7)  God:    Trog [******]
Gold:   1683       SH:  0    Dex: 10      Spells: 14/14 levels left

rFire   + + .      SeeInvis .    G - +3 broad axe (holy)
rCold   . . .      Faith    +    (no shield)
rNeg    + . .      Spirit   .    W - +8 chain mail of Dyphonie {rElec rF++ rN+}
rPois   +          Reflect  .    i - +2 helmet
rElec   +          Harm     .    e - +2 cloak of Foolhardiness {rPois Regen+ Str+4 Slay+3}
rCorr   .          Rampage  .    y - +2 pair of gloves {hurl}
Will    ++...                    (no boots)
Stlth   ..........               S - amulet of faith
HPRegen 1.24/turn                s - ring of willpower
MPRegen 0.14/turn                H - +4 ring of evasion

@: berserking, corroded, very quick
A: no striking features
a: Renounce Religion, Convert to Beogh, Berserk, Trog's Hand, Brothers in Arms


You were on level 2 of the Orcish Mines.
You worshipped Trog.
Trog was exalted by your worship.
You visited 3 branches of the dungeon, and saw 20 of its levels.
You also visited: Bailey and Volcano.

You collected 1988 gold pieces.
You spent 305 gold pieces at shops.

Inventory:

Hand Weapons
 o - the +9 hand axe of the Incandescent {freeze, +Blink Dex+2}
   (You found it on level 2 of the Dungeon)

   It freezes those it strikes, dealing additional cold damage.
   It can also slow down cold-blooded creatures.
   Dex:       It affects your dexterity (+2).
   +Blink:    It lets you blink.
 p - a +4 antimagic broad axe
 G - a +3 broad axe of holy wrath (weapon)
 M - a +3 battleaxe
 Z - a +2 battleaxe of flaming
Missiles
 V - 10 javelins (quivered)
Armour
 e - the +2 cloak of Foolhardiness (worn) {rPois Regen+ Str+4 Slay+3}
   (You acquired it in a bailey)

   Str:       It affects your strength (+4).
   Slay:      It affects your accuracy & damage with ranged weapons and melee
   (+3).
   rPois:     It protects you from poison.
   Regen:     It increases your rate of health regeneration.
 i - a +2 helmet (worn)
 y - a +2 pair of gloves of hurling (worn)
 L - the +0 ring mail of Fybaejif {Drain Will+ rCorr Int+8}
   (You found it on level 10 of the Dungeon)

   Int:       It affects your intelligence (+8).
   rCorr:     It protects you from acid and corrosion.
   Drain:     It drains your maximum health when unequipped.
   Will:      It increases your willpower.
 Q - the +0 helmet "Gicaefasee" {Harm +Blink rN++ Will-}
   (You found it on level 2 of the Lair of Beasts)

   rN:        It greatly protects you from negative energy.
   +Blink:    It lets you blink.
   Harm:      It increases damage dealt and taken.
   Will:      It decreases your willpower.
 W - the +8 chain mail of Dyphonie (worn) {rElec rF++ rN+}
   (You found it on level 4 of the Lair of Beasts)

   rF:        It greatly protects you from fire.
   rElec:     It insulates you from electricity.
   rN:        It protects you from negative energy.
Jewellery
 h - a ring of protection from cold
 q - a ring of flight
 s - a ring of willpower (left hand)
 v - an amulet of regeneration
 B - the amulet of the Death Scarab {Reflect rC- Str+4 Int+4 SH+5}
   (You found it on level 5 of the Lair of Beasts)

   [amulet of reflection]

   It reflects blocked missile attacks.
   Str:       It affects your strength (+4).
   Int:       It affects your intelligence (+4).
   rC:        It makes you vulnerable to cold.
   SH:        It affects your SH (+5).
 C - a ring of protection from cold
 F - a +6 ring of strength
 H - a +4 ring of evasion (right hand)
 I - a ring of protection from cold
 K - a ring of protection from cold
 S - an amulet of faith (around neck)
 T - a +6 ring of strength
Wands
 c - a wand of roots (13)
 f - a wand of mindburst (3)
 E - a wand of paralysis (15)
 N - a wand of quicksilver (4)
 X - a wand of digging (9)
 Y - a wand of flame (3)
Scrolls
 j - 3 scrolls of magic mapping
 k - 5 scrolls of poison
 l - 2 scrolls of silence
 r - 9 scrolls of fog
 A - a scroll of fear
 D - 7 scrolls of teleportation
 O - a scroll of enchant armour
 U - a scroll of torment
Potions
 a - 4 potions of might
 b - 3 potions of haste
 d - 2 potions of heal wounds
 g - 2 potions of magic {unknown}
 m - 5 potions of cancellation
 n - 3 potions of invisibility
 t - 2 potions of berserk rage
 u - 2 potions of mutation {unknown}
 w - 3 potions of attraction
 x - 3 potions of flight
 z - 5 potions of curing
 J - a potion of brilliance {unknown}
 P - 2 potions of resistance
 R - a potion of lignification {unknown}


   Skills:
 + Level 14.7 Fighting
 * Level 22.9 Axes
 + Level 12.7 Armour
 + Level 5.6 Dodging
 + Level 6.4 Evocations


You had 14 spell levels left.
You didn't know any spells.
Your spell library contained the following spells:

 Spells                   Type           Power      Damage    Failure   Level
 Blink                    Tloc           0%         N/A       94%         2
 Lesser Beckoning         Tloc           0%         N/A       99%         3
 Manifold Assault         Tloc           0%         N/A       100%        4


Dungeon Overview and Level Annotations

Branches:
Dungeon (13/15)            Temple (0/1) D:6            Lair (5/5) D:11
  Swamp (0/4) Lair:2        Snake (0/4) Lair:3        Slime (0/5) Lair:5
    Orc (2/2) D:9          Bailey (visited)         Volcano (visited)
    Elf: Orc:2       Vaults: D:13-14

Altars:
Hepliaklqana
Vehumet
Wu Jian
Yredelemnul
Zin
Beogh
Jiyva

Shops:
D:4 ?   D:7 :   D:10 ?   D:12 =   Orc:2 [

Annotations:
D:13 exclusion: ice statue


Message History

You slash the orc high priest! You closely miss the chaos spawn.
You hit the orc knight.
The orc high priest threatens, "By the altar or by the axe, you will meet Beogh!"
You slash the orc warrior!
The orc warrior is almost dead.
You slash the orc high priest! You slice the chaos spawn!!
The chaos spawn convulses!!
You feel the power of Trog in you as your rage grows.
You kill the chaos spawn!
The chaos spawn degenerates into a cloud of primal chaos!
You slice the orc knight!! You hit the orc warrior.
The orc knight completely misses you.
The orc warrior hits you from afar with a +0 halberd!!
* * * LOW HITPOINT WARNING * * *
An orc wizard comes into view. It is wielding a +0 dagger.
The orc warrior closely misses you.
The orc high priest calls down the wrath of Beogh upon you.
You resist with almost no effort.
The orc warrior hits you with a +2 flail of pain!!
* * * LOW HITPOINT WARNING * * *
You writhe in agony.
* * * LOW HITPOINT WARNING * * *
The orc high priest shouts, "Join the one true god or die!"
You are too berserk!
The orc wizard shouts!
You slash the orc warrior!
You feel the power of Trog in you as your rage grows.
You kill the orc warrior!
Trog accepts your kill.
You closely miss the orc warrior. You barely miss the orc high priest.
You slash the orc knight! x2
The orc high priest shouts, "Join the one true god or die!"
Unknown command.
You closely miss the orc knight.
The orc knight is almost dead.
You slash the orc knight! You barely miss the orc warrior.
You slash the orc high priest!
The orc warrior no longer looks unusually strong.
The orc knight hits you with a +3 long sword!
You die...

#..................###..
....................####
.....$.))............#
.#..................## #
..........#.........# #
##..#.)...#..#####.## #
## #.))).#.## ## #
#8ยง))8### #.. #oo@).#
#..


#.oooo# .... ....o...... #... ##.........## #.. ............. . ...............
. ......._....... .............o. # # You could see 2 orc knights, an orc high
priest (strong), 4 orc warriors and an orc wizard (strong).

Vanquished Creatures
  2 orc warlords
  14 slime creatures
  A fire dragon (Lair:5)
  5 hydras
  2 catoblepae
  3 boulder beetles
  A centaur warrior (D:13)
  A two-headed ogre (D:11)
  A hell knight (Volcano)
  Urug (Orc:1)
  Nergalle (Orc:2)
  5 skeletal warriors (D:12)
  Amaemon (Lair:1)
  A lindwurm (Lair:5)
  Pikel (D:4)
  2 orc knights
  An ugly thing (D:13)
  3 oklob plants (Lair:5)
  2 orc sorcerers
  A deep elf pyromancer (Volcano)
  3 cyclopes
  8 elephants
  6 black mambas
  6 gargoyles
  7 molten gargoyles
  6 cane toads
  An orange demon (Lair:1)
  3 kobold demonologists
  2 unseen horrors (D:11)
  2 rime drakes
  9 komodo dragons
  2 trolls
  A tyrant leech (Lair:2)
  6 hornets
  A meliai (shapeshifter) (D:13)
  4 polar bears
  13 blink frogs
  A shadow (D:13)
  Sigmund (D:2)
  6 wyverns
  2 wraiths (D:11)
  22 yaks
  4 basilisks
  5 steam dragons
  10 wargs
  4 hell hounds (Lair:5)
  2 acid dragons
  A swamp worm (Lair:2)
  13 water moccasins
  3 sky beasts
  6 ice beasts (D:13)
  25 orc warriors
  A black bear (Lair:4)
  2 ogres
  11 wolves
  12 centaurs
  4 lemures (D:4)
  3 kobold brigands
  9 bullfrogs
  6 necrophages
  Blork the orc (D:6)
  4 scorpions
  14 wights
  3 killer bees (D:9)
  4 electric eels
  3 howler monkeys
  5 lava snakes (Lair:5)
  3 bullfrog zombies (D:5)
  4 hounds
  A human zombie (D:5)
  3 jellies
  11 orc priests
  A gnoll bouda (D:9)
  Terence (D:2)
  10 hell rats (Lair:2)
  18 orc wizards
  A scorpion zombie (D:5)
  A mummy (D:5)
  2 hound zombies (D:5)
  16 gnolls
  6 river rats (Lair:2)
  10 adders
  4 white imps
  4 worms
  5 dart slugs
  76 orcs
  4 ball pythons
  6 bats
  7 endoplasms
  7 giant cockroaches
  20 goblins
  12 hobgoblins
  10 jackals
  3 quokkas
  2 frilled lizards (D:2)
  24 kobolds
  12 rats
600 creatures vanquished.

Vanquished Creatures (collateral kills)
  A wyvern (Lair:3)
1 creature vanquished.

Vanquished Creatures (others)
  A centaur (D:12)
  A bush (Lair:5)
  A butterfly (Lair:3)
  14 fungi
  10 plants
27 creatures vanquished.

Grand Total: 628 creatures vanquished

Notes
Turn   | Place    | Note
-------+----------+-------------------------------------------
     0 | D:1      | Kinoniko the Hill Orc Berserker began the quest for the
                  | Orb.
     0 | D:1      | Reached XP level 1. HP: 19/19 MP: 1/1
   238 | D:1      | Reached XP level 2. HP: 13/26 MP: 2/2
   437 | D:1      | Found a faded altar of an unknown god.
   481 | D:1      | Reached skill level 5 in Axes
  1016 | D:1      | Reached XP level 3. HP: 24/31 MP: 3/3
  1613 | D:2      | Reached skill level 6 in Axes
  1805 | D:2      | Reached XP level 4. HP: 20/39 MP: 4/4
  2074 | D:2      | Noticed Sigmund
  2081 | D:2      | Killed Sigmund
  2082 | D:2      | Reached skill level 8 in Axes
  2082 | D:2      | Reached XP level 5. HP: 44/45 MP: 5/5
  2082 | D:2      | Reached XP level 6. HP: 50/51 MP: 6/6
  2367 | D:2      | Identified the +9 hand axe of the Incandescent {freeze,
                  | +Blink Dex+2}
  2429 | D:2      | Reached ** piety under Trog
  2596 | D:2      | Reached skill level 9 in Axes
  2672 | D:2      | Noticed Terence
  2678 | D:2      | Killed Terence
  3055 | D:3      | Found a hazy altar of Hepliaklqana.
  3570 | D:3      | Found a glowing silver altar of Zin.
  3664 | D:4      | Reached XP level 7. HP: 59/59 MP: 7/7
  3700 | D:4      | Reached *** piety under Trog
  3717 | D:4      | Found Zosy's Magic Scroll Shop.
  3721 | D:4      | Bought a scroll of identify for 22 gold pieces
  3721 | D:4      | Bought a scroll of identify for 22 gold pieces
  3721 | D:4      | Bought a scroll of identify for 22 gold pieces
  3751 | D:4      | Reached skill level 10 in Axes
  3800 | D:4      | Noticed Pikel
  3815 | D:4      | Killed Pikel
  3816 | D:4      | Reached skill level 5 in Fighting
  3816 | D:4      | Reached skill level 11 in Axes
  3816 | D:4      | Reached XP level 8. HP: 70/70 MP: 8/8
  4139 | D:4      | Reached skill level 12 in Axes
  4204 | D:4      | Reached **** piety under Trog
  4354 | D:5      | Entered Level 5 of the Dungeon
  4753 | D:5      | Found a basalt altar of Yredelemnul.
  4766 | D:5      | Reached XP level 9. HP: 78/78 MP: 9/9
  4782 | D:5      | Reached skill level 13 in Axes
  5526 | D:6      | Found a staircase to the Ecumenical Temple.
  5672 | D:6      | Noticed Blork the orc
  5680 | D:6      | Killed Blork the orc
  5681 | D:6      | Reached skill level 14 in Axes
  6427 | D:7      | Reached skill level 5 in Armour
  6958 | D:7      | Found Pateff's Tremendous Tomes.
  7244 | D:8      | Reached XP level 10. HP: 81/90 MP: 10/10
  7422 | D:8      | Reached ***** piety under Trog
  7849 | D:8      | Reached skill level 15 in Axes
  8618 | D:9      | Found an ornate altar of the Wu Jian Council.
  8911 | D:9      | Noticed a kobold demonologist
  8916 | D:9      | Noticed an orange demon
  8922 | D:9      | Killed a kobold demonologist
  9765 | D:9      | Found a staircase to the Orcish Mines.
  9837 | D:10     | Entered Level 10 of the Dungeon
  9837 | D:10     | Found a flagged portal.
  9844 | D:10     | Reached skill level 16 in Axes
  9855 | Bailey   | Entered a bailey
 10247 | Bailey   | Acquired the +2 cloak of Foolhardiness {rPois Regen+ Str+4
                  | Slay+3}
 10287 | Bailey   | Noticed a kobold demonologist
 10293 | Bailey   | Killed a kobold demonologist
 10370 | Bailey   | Received a gift from Trog
 10453 | Bailey   | Reached skill level 10 in Fighting
 10521 | Bailey   | Found an iron altar of Okawaru.
 10521 | Bailey   | Noticed a kobold demonologist
 10530 | Bailey   | Killed a kobold demonologist
 10531 | Bailey   | Reached XP level 11. HP: 99/99 MP: 11/11
 10791 | D:10     | Found Wuokkut's Magic Scroll Shoppe.
 10836 | D:10     | Bought a scroll of identify for 26 gold pieces
 10836 | D:10     | Bought a scroll of identify for 26 gold pieces
 10862 | D:10     | Identified the +1 robe of Lugonu's Pride {*Corrode Will+
                  | Int+5 SInv}
 10970 | D:10     | Identified the +0 ring mail of Fybaejif {Drain Will+ rCorr
                  | Int+8}
 10999 | D:10     | Reached skill level 17 in Axes
 11120 | D:10     | Found a radiant altar of Vehumet.
 11325 | D:11     | Found a staircase to the Lair.
 11534 | D:11     | Noticed a cyclops
 11544 | D:11     | Killed a cyclops
 11591 | D:11     | Noticed a two-headed ogre
 11599 | D:11     | Killed a two-headed ogre
 12224 | Lair:1   | Entered Level 1 of the Lair of Beasts
 12231 | Lair:1   | Identified the +10 short sword of Vodka {antimagic, rElec
                  | Str+4 Int+2 Stlth+}
 12252 | Lair:1   | Reached skill level 18 in Axes
 12371 | Lair:1   | Noticed Amaemon
 12382 | Lair:1   | Killed Amaemon
 12418 | Lair:1   | Reached XP level 12. HP: 106/110 MP: 12/12
 13184 | Lair:2   | Noticed a boulder beetle
 13191 | Lair:2   | Reached ****** piety under Trog
 13204 | Lair:2   | Killed a boulder beetle
 13205 | Lair:2   | Reached skill level 19 in Axes
 13539 | Lair:2   | Reached skill level 10 in Armour
 13553 | Lair:2   | Identified the +0 helmet "Gicaefasee" {Harm +Blink rN++
                  | Will-}
 13604 | Lair:2   | Found a staircase to the Swamp.
 13736 | Lair:3   | Found a staircase to the Snake Pit.
 13947 | Lair:3   | Noticed an eight-headed hydra
 13957 | Lair:3   | Reached skill level 20 in Axes
 13964 | Lair:3   | Killed an 11-headed hydra
 14066 | Lair:3   | Noticed a boulder beetle
 14079 | Lair:3   | Killed a boulder beetle
 14577 | Lair:4   | Reached skill level 1 in Evocations
 14591 | Lair:4   | Reached XP level 13. HP: 114/119 MP: 4/13
 14816 | Lair:4   | Identified the +8 chain mail of Dyphonie {rElec rF++ rN+}
 15412 | Lair:5   | Entered Level 5 of the Lair of Beasts
 15569 | Lair:5   | Received a gift from Trog
 15717 | Lair:5   | Found a viscous altar of Jiyva.
 15719 | Lair:5   | Found a staircase to the Slime Pits.
 15725 | Lair:5   | Reached skill level 21 in Axes
 16152 | Lair:5   | Found a large runed translucent door.
 16153 | Lair:5   | Found a large runed translucent door.
 16220 | Lair:5   | Noticed a fire dragon
 16357 | Lair:5   | Reached XP level 14. HP: 130/130 MP: 4/14
 16747 | Lair:5   | Identified the amulet of the Death Scarab {Reflect rC-
                  | Str+4 Int+4 SH+5}
 17203 | D:12     | Reached skill level 5 in Evocations
 17210 | D:12     | Reached skill level 22 in Axes
 17596 | D:12     | Found Duneu's Jewellery Emporium.
 17948 | D:13     | Reached skill level 5 in Dodging
 18055 | D:13     | Received a gift from Trog
 18360 | Orc:1    | Entered Level 1 of the Orcish Mines
 18377 | Orc:1    | Noticed Urug
 18388 | Orc:1    | Killed Urug
 18421 | Orc:1    | Found a dark tunnel.
 18427 | Volcano  | Entered a volcano
 18488 | Volcano  | Noticed an orb of fire
 18572 | Volcano  | Noticed an orb of fire
 18879 | Orc:1    | Noticed an orc warlord
 18904 | Orc:1    | Killed an orc warlord
 19280 | Orc:2    | Entered Level 2 of the Orcish Mines
 19498 | Orc:2    | Found Hoello's Antique Armour Emporium.
 19509 | Orc:2    | Bought a runed helmet for 187 gold pieces
 19531 | Orc:2    | Identified the +8 falchion "Dagivvuh" {vorpal, +Blink rPois
                  | rN+ Str+2 Int-3} (Trog gifted it to you on level 2 of the
                  | Orcish Mines)
 19531 | Orc:2    | Received a gift from Trog
 19534 | Orc:2    | Noticed Nergalle
 19550 | Orc:2    | Killed Nergalle
 19557 | Orc:2    | Noticed an orc warlord
 19560 | Orc:2    | Found a roughly hewn altar of Beogh.
 19566 | Orc:2    | Reached XP level 15. HP: 139/139 MP: 15/15
 19583 | Orc:2    | Killed an orc warlord
 19588 | Orc:2    | Slain by an orc knight

Illustrated notes

Levels and vault maps discovered:
D:1:      minmay_arrival_five_plusses, layout_loops_ring,
          hellmonk_ecumenical_altar_arch_garden, grunt_decor_resistance,
          chequers_serial_rivers_micro_e
D:2:      layout_loops_cross, uniq_sigmund, uniq_terence
D:3:      layout_loops_ring, nzn_hepliaklqana_mist_gate, zin_treasury
D:4:      cheibrodos_barr_body, layout_cave_pools, serial_shops, shop,
          amcnicky_mini_rare_corridor_liquid, minmay_misc_feat_rows, uniq_pikel
D:5:      layout_loops_ring, lemuel_mausoleum_altar_yredelemnul
D:6:      layout_basic, minmay_temple_entry_statues_fountains,
          uniq_blork_the_orc
D:7:      layout_basic, hangedman_glass_teeth, nicolae_shop_i_like_big_books,
          palyth_stone_intersect
D:8:      layout_basic
D:9:      layout_basic, nicolae_overflow_crystal_walls, hiddenorc1_lemuel,
          minivault_16
D:10:     layout_roguey, vehumet_crystals, enter_bailey_5, serial_shops, shop
D:11:     layout_roguey, erik_lair_orcish_takeover
D:12:     layout_irregular_city, serial_shops, shop_fountains,
          dreamdust_wasp_nest
D:13:     layout_cave_pools, ice2_lemuel
Lair:1:   layout_regular_city, st_stairs_10, chequers_serial_rivers_large_b,
          uniq_amaemon
Lair:2:   statuecave_lemuel, layout_cave_shapes, minmay_swamp_entry_worms,
          kennysheep_abandoned_house
Lair:3:   layout_chaotic_city, dummy_snake_entry, lemuel_fruit_fields,
          grunt_megastairs_4
Lair:4:   layout_concentric_octagons, serial_rivers,
          chequers_serial_rivers_large_a, chequers_serial_rivers_micro_b,
          chequers_serial_rivers_small_3, chequers_serial_rivers_micro_d,
          chequers_serial_rivers_small_a, chequers_serial_rivers_small_b,
          grunt_megastairs_5, infiniplex_staircase_pool
Lair:5:   cheibrodos_lair_end_hotspot, layout_regular_city,
          minmay_slime_entry_oklob_enclosed
Orc:1:    layout_diamond_mine, nicolae_volcano_entry_s_turn, mines5_lemuel,
          uniq_urug
Orc:2:    grunt_orc_cross, layout_diamond_mine, serial_shops,
          nicolae_shop_stone, nicolae_orc_lava_tube

Skill      XL: |  1  2  3  4  5  6  7  8  9 10 11 12 13 14 |
---------------+-------------------------------------------+-----
Axes           | 5 6 8 9 11 12 14 16 18 20 21 22 | 22.9
Fighting       | 4 5 6 8 10 11 12 13 14 | 14.7
Armour         | 3 5 7 9 10 11 12 | 12.7
Evocations     | 1 4 6 |  6.4
Dodging        | 2 4 5 |  5.6

Action                   |  1- 3 |  4- 6 |  7- 9 | 10-12 | 13-15 || total
-------------------------+-------+-------+-------+-------+-------++-------
Melee: Hand axe          |   103 |    82 |   242 |   501 |       ||   928
       Punch             |       |       |     1 |     6 |    14 ||    21
       Broad axe         |       |       |       |    42 |   625 ||   667
Invok: Berserk           |     3 |     3 |     2 |     6 |    12 ||    26
       Brothers in Arms  |       |       |       |     1 |       ||     1
  Use: Scroll            |       |       |    12 |    16 |     3 ||    31
 Stab: Petrified         |       |       |       |       |     3 ||     3
Armor: Animal skin       |    26 |     2 |       |       |       ||    28
       Scale mail        |       |    12 |    68 |    41 |       ||   121
       Leather armour    |       |     6 |       |       |       ||     6
       Ring mail         |       |       |       |    32 |       ||    32
       Chain mail        |       |       |       |   101 |   308 ||   409
Dodge: Dodged            |    62 |    30 |    69 |   248 |   383 ||   792

Table legend: (Time is in decaauts)
 A = Elapsed time spent in this place.
 B = Non-inter-level travel time spent in this place.
 C = Inter-level travel time spent in this place.
 D = Time resting spent in this place.
 E = Time spent auto-exploring this place.
 F = Levels seen in this place.
 G = Mean time per level.
                   A        B        C        D        E       F      G
               +--------+--------+--------+--------+--------+-----+--------+
         Total |  19399 |  18152 |   1247 |   1118 |  13923 |  22 |  881.8 |
       Dungeon |  12735 |  11826 |    909 |    513 |   9687 |  13 |  979.6 |
          Lair |   4651 |   4418 |    233 |    264 |   3398 |   5 |  930.2 |
  Orcish Mines |    824 |    721 |    103 |     10 |    529 |   2 |  412.0 |
        Bailey |    823 |    823 |      0 |    293 |    104 |   1 |  823.0 |
       Volcano |    365 |    365 |      0 |     36 |    203 |   1 |  365.0 |
               +--------+--------+--------+--------+--------+-----+--------+

Top non-repeatable levels by time:
     D:1: 1630 daAuts
  Lair:5: 1405 daAuts
     D:8: 1402 daAuts
     D:9: 1401 daAuts
     D:2: 1196 daAuts
     D:6: 1105 daAuts
     D:3: 968 daAuts
  Lair:4: 959 daAuts
     D:5: 915 daAuts
  Lair:1: 863 daAuts
     D:7: 840 daAuts
  Bailey: 823 daAuts
  Lair:3: 757 daAuts
    D:12: 742 daAuts
     D:4: 728 daAuts
